 Dungeon Crawl Stone Soup version 0.19.1 (webtiles) character file.

19955 Kit the Protected (level 12, 0/112 HPs)
             Began as a Minotaur Fighter on Nov 30, 2016.
             Was a Believer of Makhleb.
             Slain by a seven-headed hydra (10 damage)
             ... on level 5 of the Lair of Beasts.
             The game lasted 01:25:53 (16195 turns).

Kit the Protected (Minotaur Fighter)               Turns: 16195, Time: 01:25:55

Health: 0/112      AC: 10    Str: 26    XL:     12   Next: 41%
Magic:  16/16      EV: 13    Int:  8    God:    Makhleb [**....]
Gold:   724        SH:  0    Dex: 12    Spells: 0 memorised, 11 levels left

rFire  + . .     SeeInvis .     z - +4 mace "Beetlebane" {freeze, rElec MR- Int+3 Stlth+}
rCold  x . .     Gourm    .     W - +1 leather armour of the Pirate {rPois rC- MR+ rCorr}
rNeg   . . .     Faith    .     (no shield)
rPois  +         Spirit   .     (helmet restricted)
rElec  +         Reflect  .     r - +2 cloak
rCorr  +         Harm     .     B - +0 pair of gloves
MR     .....                    (no boots)
Stlth  ++........               k - amulet of rage
                                A - ring of protection from fire
                                N - +2 ring of strength

@: no status effects
A: retaliatory headbutt, horns 2
a: Minor Destruction, Renounce Religion, Evoke Berserk Rage


You were on level 5 of the Lair of Beasts.
You worshipped Makhleb.
Makhleb was pleased with you.
You were not hungry.

You visited 2 branches of the dungeon, and saw 14 of its levels.
You also visited: Labyrinth and Volcano.

You collected 724 gold pieces.

Inventory:

Hand Weapons
 n - a +1 flail of flaming
 z - the +4 mace "Beetlebane" (weapon) {freeze, rElec MR- Int+3 Stlth+}
   (You found it in a labyrinth)

   It has been specially enchanted to freeze those struck by it, causing extra
   injury to most foes and up to half again as much damage against particularly
   susceptible opponents.
   It can also slow down cold-blooded creatures.
   It affects your intelligence (+3).
   It insulates you from electricity.
   It affects your resistance to hostile enchantments.
   It makes you more stealthy.
 L - a +3 hand axe
 Z - a +1 battleaxe of flaming
Missiles
 l - 60 poisoned needles
Armour
 c - a +0 shield
 q - a +2 plate armour of cold resistance
 r - a +2 cloak (worn)
 B - a +0 pair of gloves (worn)
 W - the +1 leather armour of the Pirate (worn) {rPois rC- MR+ rCorr}
   (You found it on level 1 of the Lair of Beasts)

   It makes you vulnerable to cold.
   It protects you from poison.
   It affects your resistance to hostile enchantments.
   It protects you from acid and corrosion.
 X - a +3 plate armour of fire resistance
Jewellery
 k - an amulet of rage (around neck)
 o - an uncursed ring of resist corrosion
 p - a +5 amulet of reflection
 A - a ring of protection from fire (right hand)
 C - a +3 ring of dexterity
 E - a +3 ring of dexterity
 N - a +2 ring of strength (left hand)
Wands
 a - a wand of digging (11/24)
 I - a wand of hasting (4/9)
Scrolls
 e - a scroll of identify
 i - 2 scrolls of remove curse
 x - a scroll of teleportation
 y - 4 scrolls of enchant weapon
 D - 3 scrolls of fear {unknown}
 F - a scroll of torment {unknown}
 G - a scroll of acquirement {unknown}
 J - 4 scrolls of enchant armour {unknown}
 K - a scroll of immolation {unknown}
 Q - a scroll of fog {unknown}
 R - a scroll of noise {unknown}
 S - a scroll of holy word {unknown}
 U - a scroll of recharging {unknown}
 V - a scroll of random uselessness {unknown}
 Y - a scroll of amnesia {unknown}
Potions
 d - 3 potions of might
 j - a potion of experience {unknown}
 s - a potion of resistance {unknown}
 t - 2 potions of cure mutation
 u - a potion of brilliance
 v - 2 potions of magic
 w - 2 potions of invisibility {unknown}
 H - a potion of agility {unknown}
 M - a potion of haste {unknown}
 O - a potion of beneficial mutation {unknown}
 T - 2 potions of curing
Books
 g - a book of Minor Magic

   Spells                             Type                      Level
   a - Magic Dart                     Conjuration                  1
   b - Blink                          Translocation                2
   c - Call Imp                       Summoning                    2
   d - Repel Missiles                 Charms/Air                   2
   e - Slow                           Hexes                        2
   f - Conjure Flame                  Conjuration/Fire             3
   g - Mephitic Cloud                 Conjuration/Poison/Air       3
Comestibles
 f - 8 bread rations
 h - 5 meat rations
 m - 3 beef jerkies
 P - a royal jelly


   Skills:
 + Level 12.2 Fighting
 - Level 9.8(10.0) Axes
 + Level 3.4(7.1) Maces & Flails
 + Level 12.2 Armour
 - Level 2.9 Dodging
 + Level 12.2 Shields
 - Level 7.4 Invocations


You had 11 spell levels left.
You didn't know any spells.

Dungeon Overview and Level Annotations

Branches:
Dungeon (9/15)             Temple (0/1) D:5            Lair (5/6) D:9
 Shoals (0/4) Lair:4       Spider (0/4) Lair:2
  Slime: Lair:5-6       Orc: D:9-12

Altars:
Ashenzari
Elyvilon
Fedhas
Makhleb
Qazlal
Vehumet
Zin


Innate Abilities, Weirdness & Mutations

You reflexively headbutt those who attack you in melee.
You have a pair of horns on your head.


Message History

The seven-headed hydra misses you. The seven-headed hydra bites you!
The seven-headed hydra bites you but does no damage.
The seven-headed hydra barely misses you.
The seven-headed hydra misses you. The seven-headed hydra bites you.
Okay, then.
The seven-headed hydra bites you but does no damage.
The seven-headed hydra bites you! x2; The seven-headed hydra bites you.
The seven-headed hydra barely misses you.
The seven-headed hydra bites you!
* * * LOW HITPOINT WARNING * * *
The seven-headed hydra bites you.
* * * LOW HITPOINT WARNING * * *
There is a stone staircase leading up, spattered with blood here.
A demon appears!
You can no longer summon a lesser servant of Makhleb.
The seven-headed hydra bites you!
* * * LOW HITPOINT WARNING * * *
The seven-headed hydra closely misses you.
The seven-headed hydra bites you!
You die...

#.#........#......
###...[..####.....
#........####.....
##.......##.#.....
#.................
#............##...
##...........##.## ##
##D........#.#####
#####.###@#####........#
######P.#.##..3###.###......#
###.#....t......###....#.<..PP#
.P........#.#....###..........#
.....###.####P#..#####.......##
...P.# #.P# ###......##......#
.....# #### ##.......##...#.#
....## #..............## .....#
#...........#..# #


You could see a seven-headed hydra and a friendly smoke demon (wandering).

Vanquished Creatures
  A minotaur (Lab)
  A hydra (Lair:5)
  A hell knight (Volcano)
  A salamander mystic (Volcano)
  Nergalle (Lair:4)
  2 salamanders (Volcano)
  The ghost of sveltemanboy the Spear-Bearer, a novice FoFi of Okawaru (D:5)
  A black mamba (Lair:3)
  2 molten gargoyles (Volcano)
  6 spiny frogs
  A rime drake (Lair:2)
  3 komodo dragons
  A polar bear (Lair:2)
  A two-headed ogre (D:8)
  A blink frog (Lair:5)
  5 hippogriffs
  2 shadows (Lab)
  A wyvern (Lair:3)
  6 yaks (Lair:5)
  2 fire bats (Volcano)
  A basilisk (Lair:3)
  The ghost of Paps the Gusty, an amateur HEAE (D:4)
  5 water moccasins
  3 porcupines
  A sky beast (D:5)
  6 orc warriors
  4 ice beasts
  3 phantoms
  A black bear (D:8)
  3 ogres
  4 centaurs (Lair:4)
  9 crocodiles
  8 bullfrogs
  3 killer bees (D:8)
  A scorpion (D:5)
  A water moccasin skeleton (D:8)
  6 wights
  4 lava snakes (Volcano)
  3 crimson imps
  A howler monkey (D:8)
  4 hounds
  6 orc priests
  2 jellies
  Crazy Yiuf (D:2)
  An iguana (D:6)
  Terence (D:1)
  12 orc wizards
  11 worker ants
  Ijyb (D:1)
  11 adders
  2 shadow imps
  2 worms
  A dart slug (D:2)
  5 leopard geckos
  43 orcs
  8 bats
  2 giant cockroaches (D:2)
  7 goblins
  4 hobgoblins
  40 jackals
  6 kobolds
  4 quokkas
  A ball python (D:3)
  9 frilled lizards
  16 rats
  2 fungi (D:2)
310 creatures vanquished.

Vanquished Creatures (collateral kills)
  The ghost of Beardbeard the Warrior, a journeyman MiFi of Ru (Lair:4)
  3 hydras
  Erica (Lair:2)
  A salamander (Volcano)
  A crocodile (Lair:2)
7 creatures vanquished.

Vanquished Creatures (others)
  Joseph (D:8)
  A water moccasin (Lair:2)
  An orc (D:4)
  5 fungi
  A plant (Lair:2)
9 creatures vanquished.

Grand Total: 326 creatures vanquished

Notes
Turn   | Place    | Note
-------+----------+-------------------------------------------
     0 | D:1      | Kit the Minotaur Fighter began the quest for the Orb.
     0 | D:1      | Reached XP level 1. HP: 19/19 MP: 0/0
    49 | D:1      | Reached XP level 2. HP: 17/27 MP: 1/1
   438 | D:1      | Reached XP level 3. HP: 30/33 MP: 2/2
   758 | D:2      | Found a blossoming altar of Fedhas.
   850 | D:2      | Noticed Ijyb
   855 | D:1      | Killed Ijyb
   855 | D:1      | Reached XP level 4. HP: 36/40 MP: 3/3
   888 | D:2      | Noticed Terence
   910 | D:1      | Killed Terence
   910 | D:1      | Reached skill level 1 in Dodging
   983 | D:2      | Found a shattered altar of Ashenzari.
  1213 | D:2      | Found a faded altar of an unknown god.
  1264 | D:2      | Reached XP level 5. HP: 47/47 MP: 4/4
  1468 | D:2      | Found a runed door.
  1472 | D:2      | Noticed Crazy Yiuf
  1475 | D:2      | Killed Crazy Yiuf
  1623 | D:3      | Reached skill level 5 in Fighting
  1628 | D:3      | Found a burning altar of Makhleb.
  1634 | D:3      | Became a worshipper of Makhleb the Destroyer
  1999 | D:4      | Reached skill level 5 in Shields
  1999 | D:4      | Reached XP level 6. HP: 56/56 MP: 5/5
  2258 | D:4      | Got a transparent great sword
  2268 | D:4      | Identified the cursed +3 great sword "Lisk" {venom, rElec MR+ Str+3 Int-2 SInv} (You found it on level 4 of the Dungeon)
  2328 | D:4      | Noticed Paps's ghost (amateur HEAE)
  2354 | D:4      | Killed Paps's ghost
  2354 | D:4      | Reached skill level 5 in Armour
  2475 | D:4      | Reached XP level 7. HP: 60/61 MP: 6/6
  2500 | D:4      | Reached skill level 1 in Invocations
  2631 | D:4      | Reached * piety under Makhleb
  3311 | D:5      | Entered Level 5 of the Dungeon
  3311 | D:5      | Found a staircase to the Ecumenical Temple.
  3337 | D:5      | Noticed sveltemanboy's ghost (novice FoFi)
  3376 | D:5      | Killed sveltemanboy's ghost
  3376 | D:5      | Reached XP level 8. HP: 41/71 MP: 7/9
  3808 | D:5      | Got a fine long sword
  3809 | D:5      | Identified the cursed +2 long sword "Tueke" {elec, +Inv rF++ rN+ Str-4} (You found it on level 5 of the Dungeon)
  4073 | D:6      | Reached ** piety under Makhleb
  4794 | D:6      | Reached XP level 9. HP: 76/81 MP: 11/11
  5115 | D:6      | Found a white marble altar of Elyvilon.
  5380 | D:7      | Found a radiant altar of Vehumet.
  5444 | D:7      | Reached skill level 5 in Invocations
  5568 | D:7      | Found a glowing silver altar of Zin.
  6002 | D:8      | Reached *** piety under Makhleb
  6189 | D:8      | Reached skill level 5 in Axes
  6363 | D:8      | Reached XP level 10. HP: 91/91 MP: 13/13
  6443 | D:8      | Noticed Joseph
  6461 | D:8      | Killed Joseph
  6492 | D:8      | Reached **** piety under Makhleb
  6971 | D:9      | Found a staircase to the Lair.
  7174 | D:9      | Found a stormy altar of Qazlal.
  7257 | Lair:1   | Entered Level 1 of the Lair of Beasts
  7499 | Lair:1   | Noticed a spiny frog
  7520 | Lair:1   | Killed a spiny frog
  7526 | Lair:1   | Got a scorched leather armour
  7823 | Lair:1   | Identified the +1 leather armour of the Pirate {rPois rC- MR+ rCorr} (You found it on level 1 of the Lair of Beasts)
  7899 | Lair:1   | Reached skill level 10 in Shields
  8113 | Lair:1   | Noticed a spiny frog
  8121 | Lair:1   | Killed a spiny frog
  8121 | Lair:1   | Reached skill level 10 in Fighting
  8206 | Lair:2   | Reached skill level 10 in Armour
  8262 | Lair:2   | Found a hole to the Spider Nest.
  8288 | Lair:2   | Noticed a spiny frog
  8305 | Lair:2   | Killed a spiny frog
  8320 | Lair:2   | Noticed Erica
  8321 | Lair:2   | Noticed an eight-headed hydra
  8524 | Lair:2   | Noticed a five-headed hydra
  8558 | Lair:2   | Killed a six-headed hydra
  8558 | Lair:2   | Reached XP level 11. HP: 21/100 MP: 15/15
  8841 | Lair:2   | Killed an eight-headed hydra
  9422 | Lair:2   | HP: 5/101 [something/bolt of poison (7)]
  9435 | Lair:2   | Killed Erica
  9867 | Lair:3   | Found a labyrinth entrance.
  9876 | Lab      | Entered a labyrinth
 11124 | Lab      | Noticed a minotaur
 11162 | Lab      | Killed a minotaur
 11164 | Lab      | Got a wavering lead ring
 11187 | Lab      | Identified the ring "Oraan" {Wiz -Tele rC+ rN+} (You took it off a minotaur in a labyrinth)
 11202 | Lab      | Got a scintillating crystal amulet
 11204 | Lab      | Identified the amulet of Roazxeih {Gourm rF- Int+9 Slay+3} (You found it in a labyrinth)
 11220 | Lab      | Got a crystal mace
 11223 | Lab      | Identified the +4 mace "Beetlebane" {freeze, rElec MR- Int+3 Stlth+} (You found it in a labyrinth)
 12201 | Lair:4   | Noticed Beardbeard's ghost (journeyman MiFi)
 12228 | Lair:4   | Killed Beardbeard's ghost
 12741 | Lair:4   | Found a staircase to the Shoals.
 12976 | Lair:4   | Noticed Nergalle
 12991 | Lair:4   | Noticed a spectral orc warlord
 13323 | Lair:4   | Killed Nergalle
 13668 | Lair:5   | Noticed a seven-headed hydra
 13692 | Lair:5   | Killed a seven-headed hydra
 13763 | Lair:5   | Noticed an eight-headed hydra
 13763 | Lair:5   | Reached XP level 12. HP: 106/110 MP: 16/16
 14190 | Lair:5   | Found a dark tunnel.
 14199 | Volcano  | Entered a volcano
 14530 | Volcano  | Found a bloodstained altar of Trog.
 14552 | Volcano  | Reached skill level 1 in Maces & Flails
 14596 | Volcano  | HP: 5/112 [salamander/trident (6)]
 16079 | Lair:5   | Killed an eight-headed hydra
 16157 | Lair:5   | Noticed a seven-headed hydra
 16195 | Lair:5   | Slain by a seven-headed hydra

Skill      XL: |  1  2  3  4  5  6  7  8  9 10 11 12 |
---------------+-------------------------------------+-----
Shields        | 4 5 6 7 9 10 11 12 | 12.2
Axes           | 3 4 5 7 9 |  9.8
Fighting       | 4 5 6 7 9 10 11 12 | 12.2
Armour         | 4 5 6 7 9 10 11 12 | 12.2
Dodging        | 1 2 |  2.9
Invocations    | 2 4 5 7 |  7.4
Maces & Flails | 3 |  3.4

Action                   |  1- 3 |  4- 6 |  7- 9 | 10-12 || total
-------------------------+-------+-------+-------+-------++-------
Melee: War axe           |    82 |   162 |   231 |       ||   475
       Headbutt          |     4 |    26 |    86 |   161 ||   277
       Hand axe          |       |       |   124 |   443 ||   567
       Mace              |       |       |       |    76 ||    76
Invok: Lesser Servant of |       |       |       |    22 ||    22
       Minor Destruction |       |       |       |     2 ||     2
 Abil: Evoke Berserk Rag |       |       |       |     6 ||     6
  Use: Scroll            |       |     1 |     6 |    14 ||    21
       Potion            |       |       |       |    10 ||    10
 Stab: Sleeping          |       |       |       |     2 ||     2
       Distracted        |       |       |       |     1 ||     1
  Eat: Chunk             |       |     6 |    12 |    15 ||    33
       Fruit             |       |       |       |    15 ||    15
       Meat ration       |       |       |       |     1 ||     1
       Pizza             |       |       |       |     2 ||     2
       Beef jerky        |       |       |       |     1 ||     1
Armor: Scale mail        |    51 |    60 |    57 |       ||   168
       Leather armour    |       |       |    42 |    69 ||   111
       Chain mail        |       |       |     5 |    47 ||    52
Dodge: Dodged            |    25 |    57 |   115 |   150 ||   347
Block: Shield            |    60 |   112 |   299 |   463 ||   934
       Reflection        |       |       |     7 |    13 ||    20
